 Dungeon Crawl Stone Soup version 0.18.1-1-g2f07953 (webtiles) character file.

100 Charmandara the Grave Robber (level 4, 0/30 HPs)
             Began as a Demonspawn Necromancer on May 6, 2016.
             Slain by a worker ant (8 damage)
             ... on level 4 of the Dungeon.
             The game lasted 00:07:53 (4227 turns).

Charmandara the Grave Robber (DsNe)                 Turns: 4227, Time: 00:07:54

Health: 0/30       AC:  2    Str:  8    XL:     4   Next: 47%
Magic:  0/7        EV: 12    Int: 17    God:
Gold:   144        SH:  0    Dex: 14    Spells: 4 memorised, 0 levels left

rFire  . . .     SeeInvis .     g - +0 dagger (curse)
rCold  . . .     Gourm    .     a - +0 robe
rNeg   . . .     Faith    .     (no shield)
rPois  .         Spirit   .     (helmet restricted)
rElec  .         Dismiss  .     (no cloak)
rCorr  .         Reflect  .     (no gloves)
SustAt .         Harm     .     (no boots)
MR     .....                    (no amulet)
Stlth  ++........               (no ring)
                                i - ring of flight {+Fly, !d}

@: lethally poisoned (0 -> -7), not resistant to hostile enchantments,
unstealthy
A: antennae 1
a: Evoke Flight


You were on level 4 of the Dungeon.
You were hungry.

You visited 1 branch of the dungeon, and saw 4 of its levels.

You collected 144 gold pieces.

Inventory:

Hand Weapons
 g - a cursed +0 dagger (weapon)
   (You took it off a kobold on level 1 of the Dungeon)
 h - a +1 dagger of venom
   (You took it off a kobold on level 1 of the Dungeon)
Armour
 a - a +0 robe (worn)
Jewellery
 i - a ring of flight (left hand) {+Fly, !d}
   (You found it on level 1 of the Dungeon)
Scrolls
 e - 3 scrolls of teleportation
Potions
 c - a potion of brilliance
 d - a potion of cure mutation {!q}
 f - 2 potions of curing
 k - a potion of lignification {!q}
 m - a potion of haste
Books
 b - a book of Necromancy
Comestibles
 l - 3 bread rations {@e1}
 n - 4 fruits


   Skills:
 - Level 1.7 Dodging
 - Level 1.7 Stealth
 + Level 2.6 Spellcasting
 * Level 6.2 Necromancy


You couldn't memorise any spells.
You knew the following spells:

 Your Spells              Type           Power        Failure   Level  Hunger
a - Pain                  Necr           ###.         1%          1    #......
r - Regeneration          Chrm/Necr      ##........   17%         3    ###....
x - Vampiric Draining     Necr           ###.......   6%          3    ###....
A - Animate Skeleton      Necr           N/A          1%          1    #......


Dungeon Overview and Level Annotations

Branches:
Dungeon (4/15)
 Temple: D:4-7

Altars:

Annotations:
D:3 ProzacElf's ghost, amateur DsGl


Innate Abilities, Weirdness & Mutations

You have a pair of small antennae on your head.


Message History

The goblin shouts!
The goblin closely misses you.
You hit the goblin but do no damage. The goblin misses you.
You barely miss the goblin. The goblin hits you but does no damage.
Health restored: 30 You hit the goblin.
You kill the goblin!
You see here a club.
There is an open door here.
You see here a stone.
Partly explored, can't reach some places.
Partly explored, can't reach some places.
Partly explored, can't reach some places.
(D) Dungeon
Where to? (Enter - D:2, ? - help)
You see here a ring mail.
All of the chunks of flesh in your inventory have rotted away.
There is an open door here.
There is an open door here.
There is a stone staircase leading down here.
You climb downwards.
There is a stone staircase leading up here.
Unknown command.
Unknown command.
Found a stone staircase leading down.
You now have 130 gold pieces (gained 6).
Found a stone staircase leading up.
l - 3 bread rations {@e1} (gained 1)
You open the door.
A rat comes into view.
A rat is nearby!
There is an open door here.
The rat closely misses you.
You closely miss the rat. The rat bites you.
You take 3 damage, and have 27/30 hp.
You hit the rat but do no damage. The rat bites you.
You take 3 damage, and have 24/30 hp.
You hit the rat. The rat closely misses you.
You hit the rat.
You kill the rat!
You start resting.
You are feeling hungry.
You now have 144 gold pieces (gained 14).
Okay, then.
Okay, then.
You open the door.
There is an open door here.
You sense a monster nearby.
j - a scroll of identify Read which item? (? for menu, Esc to quit)
Identify which item? (\ to view known items) (? for menu, Esc to quit)
As you read the scroll of identify, it crumbles to dust.
k - a potion of lignification
There is an open door here.
You open the door.
There is an open door here.
Found an escape hatch in the floor.
Health restored: 30
There is an escape hatch in the floor here.
ProzacElf's ghost (amateur Demonspawn Gladiator) comes into view.
There is an escape hatch in the floor here.
There is an escape hatch in the floor here.
You slide downwards.
The hatch slams shut behind you.
You hear the hiss of flowing sand.
There is an entrance to an ossuary on this level.
Hurry and find it before the portal is buried!
A worker ant comes into view.
Found a scroll of teleportation.
Found a stone staircase leading down.
Unknown command.
Unknown command.
Unknown command.
Unknown command.
The worker ant twitches its antennae in your direction.
Aim: a worker ant
Okay, then.
You hit the worker ant. The worker ant bites you!
You take 8 damage, and have 22/30 hp.
MASSIVE DAMAGE!!
You barely miss the worker ant. The worker ant completely misses you.
Unknown command.
You closely miss the worker ant. The worker ant bites you.
You take 6 damage, and have 17/30 hp.
You hit the worker ant but do no damage.
The worker ant barely misses you.
Unknown command.
Aim: a worker ant (moderately wounded)
You feel life coursing into your body. The worker ant bites you. x2
You take 4 damage, and have 13/30 hp.
You now have 4/7 mp.
Unknown command.
You barely miss the worker ant. The worker ant closely misses you.
Unknown command.
Aim: a worker ant (heavily wounded)
You feel life coursing into your body.
The worker ant waves its antennae.
The worker ant bites you!
You are poisoned.
The worker ant poisons you!
You take 3 damage, and have 10/30 hp.
You now have 1/7 mp.
Aim: a worker ant (almost dead, chance to defeat MR: 88%)
The worker ant barely resists.
You feel sick. The worker ant bites you!
You die...

### ##+##
....#...##
#........##
#.........##
#...a@...#
#........+
#........#
#...>.....##
#?.......##
....#...##
##..##+## ..


You could see a worker ant.

Vanquished Creatures
  2 adders (D:2)
  3 oozes
  A worm (D:1)
  3 giant geckos
  2 giant cockroaches
  6 goblins
  8 hobgoblins
  20 kobolds
  6 bats
  3 giant newts
  12 rats
66 creatures vanquished.

Vanquished Creatures (others)
  A bat (D:2)
  2 plants (D:1)
3 creatures vanquished.

Grand Total: 69 creatures vanquished

Notes
Turn   | Place    | Note
--------------------------------------------------------------
     0 | D:1      | Charmandara the Demonspawn Necromancer began the quest for the Orb.
     0 | D:1      | Reached XP level 1. HP: 13/13 MP: 3/3
   308 | D:1      | Gained mutation: You have a pair of small antennae on your head. [demonic ancestry]
   308 | D:1      | Reached XP level 2. HP: 18/19 MP: 0/5
   361 | D:1      | HP: 3/19 [goblin/club (2)]
   362 | D:1      | Reached skill level 5 in Necromancy
  1217 | D:1      | Reached XP level 3. HP: 24/24 MP: 4/6
  1222 | D:1      | Learned a level 3 spell: Vampiric Draining
  1224 | D:1      | Learned a level 1 spell: Animate Skeleton
  1415 | D:1      | HP: 1/24 [worm (10)]
  1816 | D:1      | HP: 6/24 [poisoned by a kobold]
  1824 | D:1      | HP: 5/24 [poisoned by a kobold]
  1863 | D:1      | HP: 4/24 [kobold/dagger (5)]
  2984 | D:2      | Reached XP level 4. HP: 27/30 MP: 7/7
  3285 | D:2      | Reached skill level 6 in Necromancy
  3703 | D:2      | Learned a level 3 spell: Regeneration
  4208 | D:3      | Noticed ProzacElf's ghost (amateur DsGl)
  4227 | D:4      | Slain by a worker ant

Skill      XL: |  1  2  3  4 |
---------------+-------------+-----
Necromancy     | 5 6 |  6.2
Dodging        | |  1.7
Stealth        | |  1.7
Spellcasting   | |  2.6

Action                   |  1- 3 |  4- 6 || total
-------------------------+-------+-------++-------
Melee: Unarmed           |    10 |       ||    10
       Dagger            |   102 |    66 ||   168
 Cast: Pain              |    42 |     6 ||    48
       Vampiric Draining |    11 |     7 ||    18
  Use: Scroll            |     3 |     2 ||     5
       Potion            |       |     2 ||     2
 Stab: Sleeping          |     5 |       ||     5
  Eat: Chunk             |     4 |     4 ||     8
       Bread ration      |     1 |       ||     1
Armor: Robe              |    20 |     5 ||    25
Dodge: Dodged            |    75 |    40 ||   115

Vault maps used:
D:1:      lightli_arrival_quake, lexackson_kobold_supper
D:2:      first_bread, lemuel_flame_loot_1
D:3:      uniq_sigmund
D:4:      nicolae_ossuary_entry_plus, minmay_goblin_kobold_house

Table legend:
 A = Turns spent in this place as a percentage of turns spent in the entire game.
 B = Non-inter-level travel turns spent in this place as a percentage of non-inter-level travel turns spent in the entire game.
 C = Inter-level travel turns spent in this place as a percentage of turns spent in this place.
 D = Turns resting spent in this place as a percentage of non-inter-level travel turns spent in this place.
 E = Turns spent auto-exploring this place as a percentage of non-inter-level travel turns spent in this place.
 F = Non-inter-level travel turns spent in this place divided by the number of levels of this place that you've seen.
                   A       B       C       D       E      F
               +-------+-------+-------+-------+-------+----------------------
         Total | 100.0 | 100.0 |   0.2 |   4.3 |   7.6 | 242.5
       Dungeon | 100.0 | 100.0 |   0.2 |   4.3 |   7.6 | 242.5
               +-------+-------+-------+-------+-------+----------------------

Table legend:
 A = Kills in this place as a percentage of kills in entire the game.
 B = Kills by you in this place as a percentage of kills by you in the entire game.
 C = Kills by friends in this place as a percentage of kills by friends in the entire game.
 D = Other kills in this place as a percentage of other kills in the entire game.
 E = Experience gained in this place as a percentage of experience gained in the entire game.
 F = Experience gained in this place divided by the number of levels of this place that you have seen.
                   A       B       C       D       E      F
               +-------+-------+-------+-------+-------+----------------------
         Total | 100.0 | 100.0 |  -nan |  -nan | 100.0 |  36.0
       Dungeon | 100.0 | 100.0 |  -nan |  -nan | 100.0 |  36.0
               +-------+-------+-------+-------+-------+----------------------
